 Dungeon Crawl Stone Soup version 0.31-a0-1338-gb567cfdca4 (webtiles) character file.

Game seed: 7791494676205980677

132878 Monkooky the Hermetic (level 17, -10/151 HPs)
             Began as a Naga Alchemist on Dec 20, 2023.
             Was a High Priest of Ashenzari.
             Mangled by an emperor scorpion simulacrum (37 damage)
             ... on level 3 of the Spider Nest on Dec 23, 2023.
             The game lasted 02:12:49 (35948 turns).

Monkooky the Hermetic (Naga Alchemist)             Turns: 35948, Time: 02:12:50

Health: -10/151    AC: 18    Str: 12    XL:     17   Next: 13%
Magic:  2/35       EV:  9    Int: 22    God:    Ashenzari [*****.]
Gold:   1332       SH:  0    Dex: 12    Spells: 10/44 levels left

rFire   . . .        u - melded +7 dagger "Cursed Together" {heavy, rN++ Str+8 Dex-4, Bglg, Self} (curse)
rCold   . . .        (shield currently unavailable)
rNeg    . . .        a - +0 robe "Sun of the Eternal Sage" {Dev, Bglg} (curse)
rPois   +            e - +0 helmet of the Distant Seer {Comp, Self} (curse)
rElec   .            p - +0 cloak "Gaze Upon Infinity" {Cun, Fort} (curse)
rCorr   .            B - melded +2 pair of gloves of Cremastomancy {Self, Fort} (curse)
SInv    +            U - +1 barding of Ashenzari's Comet {Bglg, Dev} (curse)
Will    ++...        c - amulet of Ashenzari's Regret {Acrobat, Cun, Melee} (curse)
Stlth   ++           V - ring of the Mage {Wiz Archmagi, Melee, Sorc} (curse)
HPRegen 0.45/turn    K - ring of the Elysian Seer {AC+4, Elem, Bglg} (curse)
MPRegen 0.24/turn

%: acrobat, clarity, wizardry (x1), archmagi
@: blade hands, marked, contaminated, glowing, very slow
A: AC +5, large, see invisible, deformed body, poison resistance, slowness 2,
spit poison 1, naga tail 2
a: Spit Poison, Begin Untransformation, Renounce Religion, Curse Item, Shatter
the Chains


You were on level 3 of the Spider Nest.
You worshipped Ashenzari.
Ashenzari was extremely pleased with you.
You had blades for hands.
You visited 5 branches of the dungeon, and saw 27 of its levels.

You collected 2507 gold pieces.
You spent 1175 gold pieces at shops.

Inventory:

Hand Weapons
 u - the cursed +7 dagger "Cursed Together" (melded) {heavy, rN++ Str+8 Dex-4, Bglg, Self}
   (You found it on level 3 of the Dungeon)

   Str+8:     It affects your strength (+8).
   Dex-4:     It affects your dexterity (-4).
   rN++:      It greatly protects you from negative energy.
   It has a curse which improves the following skills: Beguiling: Hexes and
   Translocations.
   Introspection: Fighting and Spellcasting.
Missiles
 P - a curare-tipped dart
Armour
 a - the cursed +0 robe "Sun of the Eternal Sage" (worn) {Dev, Bglg}

   It has a curse which improves the following skills: Devices: Evocations and
   Shapeshifting.
   Beguiling: Hexes and Translocations.
 e - the cursed +0 helmet of the Distant Seer (worn) {Comp, Self}
   (You found it on level 1 of the Lair of Beasts)

   It has a curse which improves the following skills: Companions: Summonings
   and Necromancy.
   Introspection: Fighting and Spellcasting.
 p - the cursed +0 cloak "Gaze Upon Infinity" (worn) {Cun, Fort}
   (You found it on level 2 of the Dungeon)

   It has a curse which improves the following skills: Cunning: Dodging and
   Stealth.
   Fortitude: Armour and Shields.
 y - a +0 buckler
 B - the cursed +2 pair of gloves of Cremastomancy (melded) {Self, Fort}
   (You found it on level 5 of the Dungeon)

   It has a curse which improves the following skills: Introspection: Fighting
   and Spellcasting.
   Fortitude: Armour and Shields.
 F - +0 steam dragon scales
 U - the cursed +1 barding of Ashenzari's Comet (worn) {Bglg, Dev}
   (You took it off Nessos on level 12 of the Dungeon)

   It has a curse which improves the following skills: Beguiling: Hexes and
   Translocations.
   Devices:   Evocations and Shapeshifting.
Jewellery
 c - the cursed amulet of Ashenzari's Regret (around neck) {Acrobat, Cun, Melee}
   (You found it on level 4 of the Lair of Beasts)

   [amulet of the acrobat]

   Acrobat:   It increases your evasion while moving and waiting.
   It has a curse which improves the following skills: Cunning: Dodging and
   Stealth.
   Melee Combat: Short Blades, Long Blades, Axes, Maces & Flails, Polearms,
   Staves and Unarmed Combat.
 h - the ring of Xoghas {rF+ rCorr EV+5 SInv}
   (You found it on level 5 of the Lair of Beasts)

   [ring of evasion]

   EV+5:      It affects your evasion (+5).
   rF+:       It protects you from fire.
   SInv:      It lets you see invisible.
   rCorr:     It protects you from acid and corrosion.
 K - the cursed ring of the Elysian Seer (right blade hand) {AC+4, Elem, Bglg}
   (You found it on level 9 of the Dungeon)

   [ring of protection]

   AC+4:      It affects your AC (+4).
   It has a curse which improves the following skills: Elements: Fire Magic, Ice
   Magic, Air Magic and Earth Magic.
   Beguiling: Hexes and Translocations.
 M - a ring of wizardry
 R - a +6 ring of dexterity
 V - the cursed ring of the Mage (left blade hand) {Wiz Archmagi, Melee, Sorc}
   (You found it on level 12 of the Dungeon)

   [ring of wizardry]

   Wiz:       It improves your spell success rate.
   Archmagi:  It increases the power of your magical spells.
   It has a curse which improves the following skills: Melee Combat: Short
   Blades, Long Blades, Axes, Maces & Flails, Polearms, Staves and Unarmed
   Combat.
   Sorcery:   Conjurations and Alchemy.
 X - a +6 ring of intelligence
Talismans
 J - a blade talisman (active)
Wands
 r - a wand of flame (22)
 s - a wand of charming (30)
 v - a wand of polymorph (18)
 N - a wand of digging (4)
 T - a wand of light (4)
 Y - a wand of iceblast (7)
 Z - a wand of mindburst (3)
Scrolls
 i - 11 scrolls of teleportation
 j - 2 scrolls of poison
 k - a scroll of immolation
 l - 3 scrolls of blinking
 q - a scroll of summoning
 t - 2 scrolls of enchant weapon
 w - a scroll of enchant armour
 A - 2 scrolls of fear
 C - 5 scrolls of noise
 D - 10 scrolls of fog
 E - 4 scrolls of vulnerability
 O - 2 scrolls of revelation
 Q - 6 scrolls of amnesia
 S - a scroll of torment
 W - a scroll of brand weapon
Potions
 b - 3 potions of magic
 d - 3 potions of ambrosia
 f - 6 potions of heal wounds
 g - 2 potions of might
 m - a potion of cancellation
 n - 5 potions of curing
 o - 2 potions of enlightenment
 x - 5 potions of attraction
 z - 4 potions of mutation
 G - 3 potions of haste
 H - 3 potions of resistance
 I - a potion of invisibility
 L - a potion of berserk rage


   Skills:
 - Level 7.2(9.4) Fighting
 - Level 3.3(5.2) Armour
 - Level 3.3(6.0) Dodging
 - Level 4.6(7.6) Stealth
 - Level 8.4(11.6) Unarmed Combat
 + Level 12.0(14.1) Spellcasting
 - Level 5.0(7.1) Conjurations
 - Level 5.0(9.0) Hexes
 - Level 5.2(7.3) Fire Magic
 - Level 3.1(5.0) Air Magic
 + Level 15.4(17.4) Earth Magic
 - Level 18.4(20.3) Alchemy
 - Level 4.0(6.9) Evocations
 - Level 10.5(13.6) Shapeshifting


You had 10 spell levels left.
You knew the following spells:

 Your Spells              Type           Power      Damage    Failure   Level
a - Sting                 Conj/Alch      100%       1d9       0%          1
b - Mephitic Cloud        Conj/Alch/Air  76%        N/A       1%          3
c - Sticky Flame          Fire/Alch      86%        2d13      1%          4
d - Olgreb's Toxic Radia  Alch           100%       N/A       0%          4
e - Petrify               Alch/Erth      99%        N/A       0%          4
f - Irradiate             Conj/Alch      42%        3d25      1%          5
g - Yara's Violent Unrav  Hex/Alch       44%        3d17      1%          5
h - Passwall              Alch/Erth      82%        N/A       0%          2
i - Bombard               Conj/Erth      40%        9d7       1%          6

Your spell library contained the following spells:

 Spells                   Type           Power      Damage    Failure   Level
 Sandblast                Erth           100%       2d20      0%          1
 Shock                    Conj/Air       100%       1d9       1%          1
 Jinxbite                 Hex            100%       N/A       1%          2
 Mercury Vapours          Alch/Air       100%       N/A       1%          2
 Stone Arrow              Conj/Erth      100%       3d13      1%          3
 Swiftness                Air            54%        N/A       1%          3
 Airstrike                Air            27%        2d(4-20)  1%          4
 Animate Armour           Summ/Erth      100%       N/A       1%          4
 Brom's Barrelling Bould  Conj/Erth      81%        2d9       1%          4
 Call Imp                 Summ           50%        N/A       2%          2
 Sublimation of Blood     Necr           25%        N/A       2%          2
 Iskenderun's Battlesphe  Conj           63%        2d11      2%          5
 Gell's Gravitas          Tloc           27%        N/A       4%          3
 Teleport Other           Tloc           27%        N/A       4%          3
 Summon Lightning Spire   Summ/Air       40%        N/A       5%          4
 Enfeeble                 Hex            35%        N/A       32%         7
 Summon Forest            Summ/Tloc      13%        N/A       34%         5
 Lehudib's Crystal Spear  Conj/Erth      40%        10d10     52%         8
 Shatter                  Erth           47%        3d36*     73%         9
 Dispersal                Tloc           13%        N/A       86%         6
 Spellforged Servitor     Conj/Summ      23%        N/A       95%         7
 Summon Hydra             Summ           12%        N/A       100%        7
 Summon Horrible Things   Summ           12%        N/A       100%        8
 Chain Lightning          Conj/Air       29%        3d39      100%        9
 Fire Storm               Conj/Fire      31%        8d8       100%        9


Dungeon Overview and Level Annotations

Branches:
Dungeon (15/15)            Temple (1/1) D:7            Lair (5/5) D:11
  Swamp (0/4) Lair:2       Spider (4/4) Lair:2        Slime (0/5) Lair:4
    Orc (2/2) D:11            Elf (0/3) Orc:2        Vaults (0/5) D:13
 Depths (0/4) D:15

Altars:
Ashenzari
Cheibriados
Dithmenos
Elyvilon
Fedhas
Gozag
Hepliaklqana
Kikubaaqudgha
Makhleb
Nemelex Xobeh
Okawaru
Qazlal
Ru
Sif Muna
Trog
Uskayaw
Vehumet
Wu Jian
Xom
Yredelemnul
Zin
The Shining One
Jiyva

Shops:
D:4 [   D:6 *   D:7 *   D:9 =   D:10 ::*?[*   Orc:1 (   Orc:2 (:=[[

Annotations:
D:10 exclusion: downstairs
Temple 2 transporters
Lair:5 exclusion: obsidian statue


Innate Abilities, Weirdness & Mutations

You have blades for hands.
You are incapable of wielding weapons or throwing items.
Your serpentine skin is tough. (AC +5)
You have supernaturally acute eyesight. (SInv)
Armour fits poorly on your strangely shaped body.
Your system is resistant to poisons. (rPois)
You cover ground very slowly.
You can spit poison.
You can use your snake-like lower body to constrict enemies.


Message History

Aiming: Iceblast
Press: ? - help, Shift-Dir - straight line, p - emperor scorpion The mass of ice explodes!
The iceblast engulfs the emperor scorpion!!
The emperor scorpion is almost dead.
The emperor scorpion burns!
The emperor scorpion stings you but does no damage.
The emperor scorpion claws you but does no damage. x2
Aiming: Iceblast
Press: ? - help, Shift-Dir - straight line The mass of ice explodes!
The iceblast engulfs the emperor scorpion!
You kill the emperor scorpion!
A freezing mist starts to gather...
An emperor scorpion simulacrum comes into view.
Aiming: Mindburst
Press: ? - help, Shift-Dir - straight line, f - you
Okay, then.
Aiming: Bolt of Light
Press: ? - help, Shift-Dir - straight line, f - emperor scorpion simulacrum
Aim: an emperor scorpion simulacrum (100% to hit)
The bolt of light hits the emperor scorpion simulacrum.
The emperor scorpion simulacrum is lightly damaged.
The emperor scorpion simulacrum sets off the alarm!
The alarm trap emits a blaring wail!
A sentinel's mark forms upon you.
Unknown command.
As you read the scroll of summoning, it crumbles to dust.
Wisps of shadow whirl around you...
The emperor scorpion simulacrum hits you but does no damage.
The emperor scorpion simulacrum claws you but does no damage. x2
Aiming: Bolt of Light
Press: ? - help, Shift-Dir - straight line, f/p - emperor scorpion simulacrum
Aim: an emperor scorpion simulacrum (lightly damaged, ally target, 100% to hit)
The bolt of light hits the emperor scorpion simulacrum!
The emperor scorpion simulacrum is heavily damaged.
The emperor scorpion simulacrum hits you!
* * * LOW HITPOINT WARNING * * *
The emperor scorpion simulacrum freezes you!!!
You die...

#### #..## #...##
#....## #^s...##
###
##@Z..^^#########..
#†.................
#...^..............
#.s................
#....#####.........
##..## #..........
#.## ##..........
### #..........#
##..........#


You could see an emperor scorpion simulacrum (ally target), a friendly orb
spider (summoned) and a friendly tarantella (summoned).

Vanquished Creatures
  Jorgrun (D:14)
  Gastronok (Lair:1)
  2 emperor scorpions
  A ghost moth (Spider:4)
  3 broodmothers
  Nessos (D:12)
  5 dire elephants
  Snorg (D:14)
  A spark wasp (Spider:3)
  Josephine (D:14)
  7 hydras
  An entropy weaver (Spider:3)
  3 jorogumos
  3 centaur warriors
  2 boulder beetles
  5 two-headed ogres
  A catoblepas (Lair:3)
  8 death yaks
  4 demonic crawlers
  7 orc high priests
  Nergalle (Lair:1)
  2 spectral death yaks (Lair:5)
  5 pharaoh ants
  5 skeletal warriors (D:15)
  A spectral anaconda (Lair:5)
  9 orb spiders
  5 large abominations (D:9)
  A deep elf pyromancer (D:14)
  5 necromancers
  3 steelbarb worms (Spider:3)
  A deep elf zephyrmancer (D:13)
  An arcanist (D:13)
  7 orc knights
  4 manticores
  3 ugly things
  10 wolf spiders
  A salamander (D:15)
  A cyclops (D:12)
  19 elephants
  4 black mambas
  A moth of wrath (Spider:2)
  10 cane toads
  4 torpor snails
  4 gargoyles
  Maggie (Lair:2)
  2 rime drakes (Lair:3)
  2 freezing wraiths (D:14)
  4 komodo dragons
  3 efreet
  2 ice devils (Orc:2)
  2 tengu conjurers (D:13)
  6 trolls
  3 polar bears
  15 tarantellas
  A raiju (shapeshifter) (D:15)
  18 blink frogs
  A hornet (D:7)
  23 jumping spiders
  A spectral elephant (Lair:5)
  16 culicivoras
  A shadow (D:10)
  7 slime creatures
  5 wraiths
  3 vampires
  A dire elephant simulacrum (Lair:5)
  6 wyverns
  58 yaks
  2 basilisks
  29 redbacks
  4 steam dragons
  7 wargs
  14 vampire mosquitoes
  An acid dragon (D:13)
  A swamp worm (Lair:2)
  19 water moccasins
  38 orc warriors
  2 sky beasts
  An ice beast (D:7)
  A black bear (Lair:2)
  An elephant zombie (Lair:5)
  2 ogres
  18 wolves
  2 elephant skeletons (Lair:5)
  8 centaurs
  2 phantoms
  A kobold brigand (D:11)
  10 bullfrogs
  7 small abominations (D:9)
  2 gnoll sergeants
  8 scorpions
  2 cane toad simulacra (Lair:5)
  8 wights
  22 killer bees
  An elephant simulacrum (Lair:5)
  6 howler monkeys
  34 orc priests
  A quasit (D:4)
  4 hounds
  6 jellies
  A gnoll bouda (D:8)
  2 sleepcaps (D:5)
  Jessica (D:3)
  6 iguanas
  Ijyb (D:3)
  15 orc wizards
  13 hell rats
  Terence (D:3)
  5 adders
  16 gnolls
  3 shadow imps
  4 white imps
  3 ufetubi
  A worm (D:5)
  4 dart slugs
  59 orcs
  9 endoplasms
  6 giant cockroaches
  9 hobgoblins
  5 quokkas
  2 ball pythons (D:1)
  A bat (D:3)
  2 frilled lizards
  15 goblins
  13 kobolds
  7 rats
814 creatures vanquished.

Vanquished Creatures (others)
  A kobold blastminer (Orc:1)
  A killer bee (D:7)
2 creatures vanquished.

Grand Total: 816 creatures vanquished

Notes
Turn   | Place    | Note
-------+----------+-------------------------------------------
     0 | D:1      | Monkooky the Naga Alchemist began the quest for the Orb.
     0 | D:1      | Reached XP level 1. HP: 15/15 MP: 3/3
    75 | D:1      | Reached skill level 4 in Alchemy
   115 | D:1      | Reached XP level 2. HP: 22/22 MP: 0/5
   299 | D:1      | Reached XP level 3. HP: 28/28 MP: 2/6
   754 | D:2      | Reached skill level 5 in Alchemy
   783 | D:2      | Learned a level 3 spell: Mephitic Cloud
  1215 | D:2      | Reached XP level 4. HP: 36/36 MP: 7/7
  1466 | D:2      | Learned a level 4 spell: Sticky Flame
  1508 | D:2      | Found a faded altar of an unknown god.
  1760 | D:3      | Noticed Terence
  1769 | D:3      | Killed Terence
  1770 | D:3      | Reached skill level 1 in Fire Magic
  1837 | D:3      | Reached XP level 5. HP: 34/42 MP: 3/9
  2184 | D:3      | Found a broken altar of Ashenzari.
  2211 | D:3      | Became a worshipper of Ashenzari the Shackled
  2349 | D:3      | Found a burning altar of Makhleb.
  2416 | D:3      | Identified the +7 dagger of Mehogri {heavy, rN++ Str+8
                  | Dex-4}
  2607 | D:3      | Noticed Ijyb
  2677 | D:3      | Killed Ijyb
  2822 | D:3      | Noticed Jessica
  2828 | D:3      | Killed Jessica
  2831 | D:3      | Reached XP level 6. HP: 49/49 MP: 7/12
  2839 | D:3      | Learned a level 4 spell: Olgreb's Toxic Radiance
  3375 | D:4      | Found Horph's Antique Armour Boutique.
  3619 | D:4      | Reached skill level 6 in Alchemy
  3797 | D:4      | Identified the +4 flail "Eseegein" {antimagic, rPois}
  3851 | D:4      | Reached XP level 7. HP: 30/55 MP: 4/13
  4234 | D:4      | Reached skill level 7 in Alchemy
  4358 | D:5      | Entered Level 5 of the Dungeon
  4359 | D:5      | Reached * piety under Ashenzari
  4660 | D:5      | Reached XP level 8. HP: 62/62 MP: 15/15
  4904 | D:5      | Reached skill level 8 in Alchemy
  5077 | D:5      | Reached ** piety under Ashenzari
  5082 | D:5      | Reached skill level 5 in Fire Magic
  5213 | D:5      | Found a sacrificial altar of Ru.
  5213 | D:5      | Found a bloodstained altar of Trog.
  5507 | D:6      | Found Naefar's General Store.
  5514 | D:6      | Bought a scroll of fog for 44 gold pieces
  5514 | D:6      | Bought a scroll of vulnerability for 44 gold pieces
  5631 | D:6      | Reached skill level 1 in Fighting
  5951 | D:6      | Reached skill level 1 in Armour
  6112 | D:6      | Reached XP level 9. HP: 64/79 MP: 16/16
  6327 | D:6      | Learned a level 4 spell: Petrify
  6432 | D:6      | Reached skill level 1 in Earth Magic
  6759 | D:7      | Found Eckeph's Gadget Gallery.
  6767 | D:7      | Noticed a hornet
  6772 | D:7      | Killed a hornet
  6773 | D:7      | Reached skill level 5 in Spellcasting
  6795 | D:7      | Reached skill level 1 in Evocations
  7028 | D:7      | Found a staircase to the Ecumenical Temple.
  7092 | Temple   | Found a transporter.
  7092 | Temple   | Found a transporter.
  7092 | Temple   | Found a transporter.
  7092 | Temple   | Found a transporter.
  7092 | Temple   | Entered the Ecumenical Temple
  7471 | D:7      | Reached skill level 9 in Alchemy
  8034 | D:8      | Reached skill level 10 in Alchemy
  8034 | D:8      | Reached XP level 10. HP: 84/87 MP: 10/19
  8644 | D:8      | Reached skill level 11 in Alchemy
  8652 | D:8      | Learned a level 5 spell: Irradiate
  9066 | D:9      | Found Dofeb's Jewellery Boutique.
  9335 | D:9      | Found a hazy altar of Hepliaklqana.
  9558 | D:9      | Noticed a large abomination
  9572 | D:9      | Killed a large abomination
  9746 | D:9      | Noticed a large abomination
  9882 | D:9      | Killed a large abomination
  9913 | D:9      | Reached skill level 1 in Shapeshifting
  9995 | D:9      | Noticed a large abomination
 10008 | D:9      | Noticed a large abomination
 10016 | D:9      | Killed a large abomination
 10017 | D:9      | Reached XP level 11. HP: 93/93 MP: 11/23
 10021 | D:9      | Noticed a large abomination
 10094 | D:9      | Killed a large abomination
 10097 | D:9      | Killed a large abomination
 10098 | D:9      | Reached skill level 5 in Shapeshifting
 10396 | D:9      | Identified the +6 orcbow "Xitirch" {drain, rF++ rC++ Will-}
 10510 | D:10     | Entered Level 10 of the Dungeon
 10630 | D:10     | Found a snail-covered altar of Cheibriados.
 10668 | D:10     | Found Ymanipno's Armour Shoppe.
 10753 | D:10     | Reached skill level 5 in Fighting
 10830 | D:10     | Found Foutiq's Magic Scroll Emporium.
 10844 | D:10     | Reached *** piety under Ashenzari
 10845 | D:10     | Bought a scroll of blinking for 127 gold pieces
 10976 | D:10     | Found Udwosa's Book Boutique.
 11009 | D:10     | Noticed a two-headed ogre
 11017 | D:10     | Killed a two-headed ogre
 11102 | D:10     | Found Fatec's General Store.
 11168 | D:10     | Found Bodo's Book Shop.
 11602 | D:10     | Found a glowing silver altar of Zin.
 11602 | D:10     | Found Zin's Purification Station.
 11700 | D:11     | Noticed a two-headed ogre
 11724 | D:11     | Found a staircase to the Lair.
 11727 | D:11     | Killed a two-headed ogre
 11944 | D:11     | Found a staircase to the Orcish Mines.
 12134 | D:11     | Reached XP level 12. HP: 95/112 MP: 13/24
 12533 | D:11     | Noticed a two-headed ogre
 12546 | D:11     | Killed a two-headed ogre
 12794 | D:11     | Noticed a two-headed ogre
 13117 | Orc:1    | Entered Level 1 of the Orcish Mines
 13185 | Orc:1    | Found a bloodstained altar of Trog.
 13328 | Orc:1    | Noticed an orc high priest
 13335 | Orc:1    | Killed an orc high priest
 13728 | Orc:2    | Entered Level 2 of the Orcish Mines
 13811 | Orc:1    | Found Dir Taat's Weapon Shop.
 14206 | Orc:2    | Reached skill level 10 in Shapeshifting
 14213 | Orc:2    | Found a staircase to the Elven Halls.
 14281 | D:10     | Bought a manual of Alchemy for 960 gold pieces
 14440 | Orc:2    | Found Reick's Antique Armour Emporium.
 14630 | Orc:2    | Reached skill level 12 in Alchemy
 14729 | Orc:2    | Noticed an orc high priest
 14732 | Orc:2    | Noticed an orc high priest
 14737 | Orc:2    | Killed an orc high priest
 14743 | Orc:2    | Killed an orc high priest
 14744 | Orc:2    | Reached skill level 13 in Alchemy
 14896 | Orc:2    | Reached skill level 14 in Alchemy
 14910 | Orc:2    | Gained mutation: You can use your snake-like lower body to
                  | constrict enemies. [Naga growth]
 14910 | Orc:2    | Reached XP level 13. HP: 104/120 MP: 2/25
 15180 | Orc:2    | Reached skill level 15 in Alchemy
 15484 | Orc:2    | Reached skill level 16 in Alchemy
 15878 | Orc:2    | Reached skill level 17 in Alchemy
 16359 | Orc:2    | Learned a level 5 spell: Yara's Violent Unravelling
 16429 | Orc:2    | Reached skill level 1 in Hexes
 16682 | Orc:2    | Found a bloodstained altar of Trog.
 16869 | Orc:2    | Reached skill level 18 in Alchemy
 17005 | Orc:2    | Found Etuch's Antique Weapon Boutique.
 17008 | Orc:2    | Found Wuconod's Jewellery Shop.
 17009 | Orc:2    | Found Dihiraoj's Antique Armour Boutique.
 17010 | Orc:2    | Found Puheolyo's Book Boutique.
 17093 | Lair:1   | Entered Level 1 of the Lair of Beasts
 17388 | Lair:1   | Reached **** piety under Ashenzari
 17428 | Lair:1   | Upgraded the game from 0.31-a0-1321-g5021b54cb2 to
                  | 0.31-a0-1338-gb567cfdca4
 17982 | Lair:1   | Noticed Nergalle
 17989 | Lair:1   | Killed Nergalle
 17990 | Lair:1   | Reached skill level 5 in Hexes
 17997 | Lair:1   | Noticed Gastronok
 18016 | Lair:1   | Killed Gastronok
 18555 | Lair:2   | Reached skill level 1 in Unarmed Combat
 18821 | Lair:2   | Noticed Maggie
 18835 | Lair:2   | Killed Maggie
 19102 | Lair:2   | Reached XP level 14. HP: 133/133 MP: 24/28
 19276 | Lair:2   | Reached skill level 5 in Unarmed Combat
 19989 | Lair:2   | Found a hole to the Spider Nest.
 20064 | Lair:2   | Found a staircase to the Swamp.
 20542 | D:12     | Noticed Nessos
 20550 | D:12     | Killed Nessos
 21080 | D:12     | Found the ring of the Mage {Wiz Archmagi}
 21721 | D:13     | Identified the +5 chain mail "Tylaeq" {*Slow +Inv rC+}
 22129 | D:13     | Found a gate to the Vaults.
 22497 | Lair:3   | Learned a level 2 spell: Passwall
 22504 | Lair:3   | Learned a level 6 spell: Bombard
 22544 | Lair:3   | Identified the +9 rapier "Foint" {vamp, Int+3 Dex+2}
 22779 | Lair:3   | Reached skill level 5 in Earth Magic
 23140 | Lair:3   | Reached skill level 5 in Conjurations
 23339 | Lair:3   | Reached XP level 15. HP: 135/135 MP: 25/29
 23517 | Lair:3   | Identified Cipiusas's Collected Works on the Plutonic
                  | Retinue
 24009 | Lair:4   | Found a runed translucent door.
 24075 | Lair:4   | Found a viscous altar of Jiyva.
 24090 | Lair:4   | Found a staircase to the Slime Pits.
 25382 | Lair:5   | Entered Level 5 of the Lair of Beasts
 25897 | Lair:5   | Identified the ring of Xoghas {rF+ rCorr EV+5 SInv}
 25954 | Lair:5   | Reached skill level 10 in Earth Magic
 28343 | D:14     | Noticed Josephine
 28359 | D:14     | Killed Josephine
 28468 | D:14     | Noticed Snorg
 28475 | D:14     | Killed Snorg
 28734 | D:14     | Noticed Jorgrun
 28749 | D:14     | Killed Jorgrun
 29084 | D:14     | Reached XP level 16. HP: 144/144 MP: 26/30
 29362 | D:15     | Entered Level 15 of the Dungeon
 29641 | D:15     | Found a hide-covered altar of Uskayaw.
 30091 | D:15     | Found a shimmering blue altar of Sif Muna.
 30091 | D:15     | Identified Sif Muna's Monograph on the Swarm
 30091 | D:15     | Identified Sif Muna's Vellum of the Blaze
 30091 | D:15     | Identified Sif Muna's Parchment of Geometry
 30388 | D:15     | Found a staircase to the Depths.
 30583 | Spider:1 | Entered Level 1 of the Spider Nest
 30793 | Spider:1 | Reached skill level 10 in Spellcasting
 31004 | Spider:1 | Reached ***** piety under Ashenzari
 35287 | Spider:3 | Reached skill level 15 in Earth Magic
 35456 | Spider:3 | Reached XP level 17. HP: 151/151 MP: 29/34
 35931 | Spider:4 | Entered Level 4 of the Spider Nest
 35948 | Spider:3 | Mangled by an emperor scorpion simulacrum

Illustrated notes

Levels and vault maps discovered:
D:1:      amcnicky_arrival_flooded_fountain, layout_basic
D:2:      layout_basic, hellmonk_ecumenical_altar_leap_of_faith
D:3:      layout_basic, lemuel_coloured_pillars_altar,
          mainiacjoe_overflow_surrounded_room, uniq_terence, uniq_ijyb,
          uniq_jessica
D:4:      layout_loops_ring, serial_demonic, serial_demonic_d, serial_demonic_b,
          serial_demonic_c, serial_demonic_g, serial_demonic_f,
          serial_demonic_a, serial_shops, nicolae_shop_tiny_statue_garden,
          minmay_checkerbox
D:5:      corexii_shack_village, layout_basic, gammafunk_temple_overflow_wave,
          st_stairs_2, minmay_misc_feat_square
D:6:      layout_loops_ring, serial_shops, nicolae_stop_n_shop_2
D:7:      layout_loops_ring, minmay_temple_entry_junction_2,
          nicolae_zen_rock_garden, nicolae_shop_gadgets
D:8:      layout_loops_corners, serial_rivers, chequers_serial_rivers_small_b,
          chequers_serial_rivers_room_b, chequers_serial_rivers_micro_d,
          chequers_serial_rivers_small_b, chequers_serial_rivers_large_b
D:9:      layout_rooms, nicolae_overflow_hidden_temple, serial_shops,
          nicolae_shop_gaudy_bauble, laboratory
D:10:     layout_long_grid, mainiacjoe_overflow_tiny_flanked, zin_purify,
          serial_shops, nicolae_shop_advertising_works
          [nicolae_subvault_shop_adworks], nicolae_shop_stone, shop_fountains,
          shop, nicolae_shop_tiny_glass, corner_web_ring
D:11:     layout_rooms, due_lair_maze_entry_diamond, orc_0_dummy
D:12:     layout_basic, uniq_nessos
D:13:     layout_small_grid, david_vaults_1
D:14:     layout_gridville, serial_bayou_pond_a, uniq_snorg, uniq_jorgrun,
          uniq_josephine
D:15:     hangedman_depths_entry_try_elsewhere_first, layout_cave_pools,
          nicolae_uskayaw_dance_hall, nicolae_sif_muna_little_library
Temple:   hellmonk_temple_divided_pantheon
Lair:1:   layout_misc_corridors, uniq_nergalle, uniq_gastronok
Lair:2:   layout_misc_corridors, minmay_swamp_entry_worms,
          spider_nest_entry_web_field, uniq_maggie
Lair:3:   layout_gridlike, chequers_serial_rivers_small_b,
          grunt_forest_large_clearings, infiniplex_staircase_pool_2
Lair:4:   layout_regular_city, nicolae_slime_entry_field_trip, pf_torpor_hydra
Lair:5:   due_jungle_book, layout_long_grid
Spider:1: layout_cave_pods
Spider:2: layout_chambers
Spider:3: layout_cave_pods, drop_trap
Spider:4: floodkiller_spider_rune_tomb, uniq_asterion
Orc:1:    layout_caves, basic_altar, serial_shops, shop, mines5_lemuel
Orc:2:    st_orc_pillars, layout_caves, portal_ice_cave_demonic_guard,
          serial_shops, nicolae_shop_window_shopping, david_defended_altar_orc

Skill      XL: |  1  2  3  4  5  6  7  8  9 10 11 12 13 14 15 16 17 |
---------------+----------------------------------------------------+-----
Alchemy        | 4 5 6 7 8 10 11 14 18 | 18.4
Fire Magic     | 2 3 4 5 |  5.2
Spellcasting   | 4 5 6 9 11 12 | 12.0
Stealth        | 4 |  4.6
Fighting       | 3 7 |  7.2
Air Magic      | 3 |  3.1
Armour         | 1 3 |  3.3
Earth Magic    | 3 6 13 15 | 15.4
Evocations     | 4 |  4.0
Conjurations   | 4 5 |  5.0
Shapeshifting  | 3 6 10 | 10.5
Dodging        | 3 |  3.3
Hexes          | 5 |  5.0
Unarmed Combat | 4 8 |  8.4

Action                     |  1- 3 |  4- 6 |  7- 9 | 10-12 | 13-15 | 16-18 || total
---------------------------+-------+-------+-------+-------+-------+-------++-------
  Melee: Unarmed           |     3 |       |       |       |   381 |   133 ||   517
         Falchion          |     9 |       |       |       |       |       ||     9
         Dagger            |       |    66 |   111 |   179 |    94 |       ||   450
         Punch             |       |     1 |       |     1 |    30 |    10 ||    42
         Constrict         |       |       |       |       |    96 |    30 ||   126
   Cast: Sting             |    20 |    22 |     7 |       |       |       ||    49
         Mephitic Cloud    |       |     3 |     7 |    14 |    11 |     2 ||    37
         Olgreb's Toxic Ra |       |     2 |    29 |    74 |   106 |    57 ||   268
         Sticky Flame      |       |     1 |    14 |    52 |    83 |    33 ||   183
         Petrify           |       |       |     1 |     1 |     2 |       ||     4
         Irradiate         |       |       |       |    14 |    37 |    27 ||    78
         Yara's Violent Un |       |       |       |       |     7 |       ||     7
         Bombard           |       |       |       |       |    13 |       ||    13
 Invoke: Curse Item        |       |     1 |     3 |     1 |     2 |     3 ||    10
         Shatter the Chain |       |       |       |       |     1 |       ||     1
Ability: Spit Poison       |    26 |    38 |    52 |    50 |    91 |    41 ||   298
  Evoke: Wand              |       |     2 |     2 |    14 |       |     9 ||    27
    Use: Scroll            |       |     2 |       |     2 |     4 |     1 ||     9
         Potion            |       |       |       |     3 |     1 |       ||     4
   Stab: Confused          |       |     1 |       |     2 |     2 |       ||     5
         Sleeping          |       |     1 |     1 |     2 |    11 |     1 ||    16
         Petrified         |       |       |     2 |     2 |     4 |       ||     8
 Armour: Robe              |     7 |    93 |   123 |   274 |   603 |   233 ||  1333
  Dodge: Dodged            |     4 |    53 |    79 |   146 |   245 |   116 ||   643
   Form: Blade             |       |       |       |       |     1 |       ||     1

Table legend: (Time is in decaauts)
 A = Elapsed time spent in this place.
 B = Non-inter-level travel time spent in this place.
 C = Inter-level travel time spent in this place.
 D = Time resting spent in this place.
 E = Time spent auto-exploring this place.
 F = Levels seen in this place.
 G = Mean time per level.
                   A        B        C        D        E       F      G
               +--------+--------+--------+--------+--------+-----+--------+
         Total |  43389 |  40458 |   2931 |   8178 |  26176 |  27 | 1607.0 |
       Dungeon |  22050 |  20448 |   1602 |   3134 |  14046 |  15 | 1470.0 |
        Temple |      1 |      1 |      0 |      0 |      0 |   1 |    1.0 |
          Lair |  11214 |  10444 |    770 |   2588 |   6413 |   5 | 2242.8 |
   Spider Nest |   5840 |   5476 |    364 |    591 |   4258 |   4 | 1460.0 |
  Orcish Mines |   4283 |   4090 |    193 |   1865 |   1458 |   2 | 2141.5 |
               +--------+--------+--------+--------+--------+-----+--------+

Top non-repeatable levels by time:
  Lair:2: 2708 daAuts
  Lair:5: 2672 daAuts
   Orc:2: 2299 daAuts
Spider:2: 2200 daAuts
  Lair:4: 2064 daAuts
  Lair:3: 1993 daAuts
     D:3: 1991 daAuts
   Orc:1: 1983 daAuts
    D:10: 1963 daAuts
    D:11: 1955 daAuts
Spider:1: 1894 daAuts
     D:9: 1824 daAuts
  Lair:1: 1774 daAuts
Spider:3: 1737 daAuts
     D:8: 1622 daAuts
